Map: Divergencia EE

Players

likewater

  • Race: Terran Terran
  • League: Silver
  • Spawn Location: 11:00

SHEYLA

  • Race: Protoss Protoss
  • Spawn Location: 11:00

MrFercho - Winner!

  • Race: Zerg Zerg
  • League: Silver
  • Spawn Location: 5:00

tigro - Winner!

  • Race: Terran Terran
  • League: Bronze
  • Spawn Location: 5:00

VOD

Have the link to the VOD?

Description

Time

  • Played on: June 12, 2020, 11:09 p.m.
  • Length: 29:57
Show
View Real Time Build Order
Export as new Build Order

likewater Terran 

Build Orders: Liberator Opening 

Get SALT Encoding   

  12  0:03  SCV  
  13  0:20  Supply Depot  
  13  0:23  SCV  
  14  0:38  SCV  
  15  0:53  Barracks  
  15  0:55  SCV  
  16  1:09  SCV  
  17  1:22  SCV  
  18  1:27  Refinery  
  18  1:37  SCV  
  19  1:42  Marine  
  19  1:43  Supply Depot  
  20  1:52  SCV, Refinery  
  22  2:05  SCV  
  22  2:07  Marine  
  23  2:17  SCV  
  24  2:29  SCV  
  25  2:34  Factory  
  25  2:36  Barracks Reactor  
  25  2:38  Command Center  
  25  2:40  Barracks  
  25  2:59  SCV  
  25  3:04  Engineering Bay  
  26  3:11  SCV, Bunker  
  27  3:15  Marine  
  27  3:16  Marine  
  29  3:22  Starport  
  29  3:23  SCV  
  30  3:29  Barracks Tech Lab  
  30  3:35  Supply Depot  
  30  3:36  SCV  
  30  3:39  Factory Tech Lab  
  31  3:49  Marine  
  31  3:52  Orbital Command  
  32  3:59  SCV  
  33  4:08  Liberator  
  36  4:14  Missile Turret  
  36  4:31  Bunker  
  36  4:32  Siege Tank  
  39  4:42  SCV x2  
  41  4:54  SCV  
  41  4:56  SCV  
  43  5:00  Starport Reactor  
  43  5:06  SCV  
  44  5:08  SCV, Starport  
  44  5:12  Armory  
  44  5:57  Siege Tank  
  44  5:58  Marine x3  
  44  6:01  Viking  
  44  6:02  Viking  
  54  6:11  Supply Depot x2  
  54  6:12  Supply Depot  
  54  6:13  Missile Turret  
  54  6:23  Supply Depot  
  54  6:25  Missile Turret  
  54  6:32  SCV x2, Missile Turret, Marine x3  
  59  6:41  Siege Tank  
  59  6:58  Liberator  
  59  6:59  Liberator  
  60  7:48  Liberator  
  60  7:49  Liberator  
  60  7:51  Marine x3  
  67  7:54  SCV x2  
  71  7:59  Supply Depot  
  71  8:01  Supply Depot  
  71  8:02  Supply Depot  
  71  8:03  Refinery  
  71  8:06  SCV x2  
  71  8:07  Terran Vehicle Weapons Level 1, Refinery  
  71  8:08  Marine  
  71  8:09  Marine x2  
  76  8:18  SCV x2  
  77  8:26  Marine  
  76  9:00  Viking x2  
  75  9:30  Medivac  
  77  9:36  Siege Tank  
  80  9:38  Viking  
  80  9:39  Marine x2  
  80  9:40  Marine  
  82  9:57  Marine x3  
  82  10:02  Liberator  
  85  10:08  Siege Tank  
  85  10:12  SCV  
  85  10:13  SCV  
  90  10:15  Marine x3  
  93  10:24  SCV  
  93  10:25  SCV  
  95  10:33  Marine  
  83  11:04  Viking x2  
  83  11:06  Marine x3  
  83  11:34  Viking x2  
  83  11:39  Marine  
  80  11:40  Marine x2  
  82  11:57  Marine x2  
  82  11:58  Marine  
  82  12:07  SCV  
  83  12:12  Siege Tank  
  83  12:13  Ghost Academy  
  83  12:14  SCV, Ghost Academy  
  83  12:15  Marine x3  
  88  12:19  SCV  
  91  12:33  Marine x3  
  91  12:35  Command Center  
  94  12:51  Marine x3  
  97  13:08  Marine  
  97  13:09  Marine x2, Siege Tank  
  103  13:26  Marine  
  104  13:28  Marine x2  
  104  13:32  Viking  
  104  13:33  Viking  
  108  13:44  Marine  
  108  13:45  Marine  
  108  13:46  Supply Depot, Marine, Siege Tank  
  108  13:48  Supply Depot  
  111  14:02  Viking, Marine  
  112  14:03  Viking, Marine  
  112  14:04  Marine  
  112  14:08  Stimpack  
  118  14:12  Personal Cloaking  
  118  14:18  SCV x2, Barracks, Siege Tank  
  118  14:20  Marine  
  118  14:21  Planetary Fortress, Command Center, Marine x2  
  126  14:30  SCV x2  
  126  14:50  Siege Tank  
  74  15:21  Marine x3  
  72  15:22  Siege Tank  
  72  15:24  SCV x3  
  78  15:36  SCV x3  
  78  15:39  Marine x3  
  84  15:55  Siege Tank  
  84  15:56  Marine x2  
  88  15:57  Missile Turret, Marine  
  90  16:06  Refinery  
  90  16:09  Refinery  
  90  16:14  Marine x3  
  93  16:27  Siege Tank  
  93  16:29  Medivac  
  93  16:30  Medivac  
  93  16:32  Marine x3, Starport Tech Lab  
  103  16:50  Terran Vehicle Weapons Level 2, Marine  
  104  16:54  Nuke  
  104  16:55  Nuke  
  104  16:58  Barracks Reactor  
  104  17:00  Combat Shield  
  104  17:01  Marine  
  104  17:02  Marine  
  104  17:08  Marine  
  100  17:19  Marine  
  101  17:25  Siege Tank  
  101  17:29  Marine x2  
  106  17:37  Marine, Liberator x3  
  116  17:47  Marine x2  
  118  17:55  Marine  
  119  18:05  Marine x2  
  102  18:13  Marine  
  92  18:22  Marine  
  92  18:23  Marine  
  92  18:24  Marine x2  
  95  18:30  Marine  
  90  18:40  Marine x2  
  92  18:41  Marine  
  92  18:42  Marine  
  92  18:48  Marine, Siege Tank  
  98  18:58  Marine x2  
  98  18:59  Marine  
  101  19:06  Factory  
  101  19:16  Marine x4  
  105  19:17  Marine  
  106  19:24  Supply Depot x3  
  106  19:34  Marine x3  
  106  19:38  Command Center  
  109  20:30  Siege Tank, Factory Tech Lab  
  109  20:33  Terran Infantry Weapons Level 1  
  109  20:34  Terran Vehicle Weapons Level 3  
  112  20:42  Ghost  
  112  20:43  Marine  
  112  20:44  Marine x3  
  118  21:01  Marine x2  
  118  21:02  Marine x2, Liberator x2  
  128  21:11  Ghost  
  130  21:21  Planetary Fortress  
  130  21:35  Planetary Fortress  
  130  21:47  Missile Turret  
  130  21:50  Missile Turret x2  
  130  21:51  Missile Turret  
  116  22:21  Marine x2  
  116  22:22  Ghost  
  120  22:23  Marine x2  
  120  22:25  Liberator x2  
  120  22:26  Nuke  
  128  22:38  Marine x2  
  130  22:50  Ghost  
  125  23:08  Medivac x2  
  125  23:11  Terran Vehicle And Ship Armor Level 1  
  129  23:19  Ghost  
  124  23:54  Marine x3  
  124  23:55  Marine x2  
  109  24:12  Marine x4  
  109  24:13  Marine  
  89  24:30  Marine x5  
  94  24:48  Marine x5  
  94  24:49  Nuke  
  94  24:50  Siege Tank  
  102  25:05  Marine  
  102  25:06  Marine  
  104  25:07  Marine x3  
  107  25:21  Refinery  
  107  25:22  Siege Tank  
  107  25:23  Marine x2  
  107  25:24  Refinery  
  107  25:25  Refinery x2, Marine x3  
  115  25:29  Siege Tank  
  118  25:41  Marine x2  
  118  25:42  Nuke x2  
  118  25:43  Marine x2  
  120  25:54  Siege Tank  
  120  25:55  Medivac  
  120  25:56  Medivac  
  95  26:25  Medivac  
  95  26:26  Medivac  
  74  27:07  Ghost  
  76  27:08  Marine x2  
  76  27:09  Marine  
  79  27:17  Barracks  
  79  27:19  Barracks  
  79  27:26  Marine x3  
  82  27:32  Missile Turret  
  82  27:36  Ghost  
  84  27:37  SCV x2  
  84  27:41  Missile Turret  
  86  27:44  Missile Turret, Marine x3  
  86  27:49  SCV x2  
  91  28:01  SCV x2  
  91  28:02  Marine x3  
  91  28:04  Marine  
  97  28:13  SCV x2  
  97  28:19  Marine  
  99  28:20  Marine x2  
  99  28:22  Marine  
  95  28:37  Marine x2  
  95  28:38  Marine  
  95  28:40  Marine, Nuke x2  
  93  28:55  Marine  
  93  28:58  Marine  
  63  29:18  Marine x4  
  58  29:35  Marine  
  58  29:36  Marine  
Show
View Real Time Build Order
Export as new Build Order

SHEYLA Protoss 

Build Orders:  

Get SALT Encoding   

  12  0:17  Probe  
  12  0:20  Pylon  
  13  0:25  Probe  
  13  0:27  Assimilator  
  14  0:43  Gateway  
  14  1:12  Pylon  
  14  1:29  Forge  
  14  1:34  Cybernetics Core  
  14  1:37  Assimilator  
  14  2:00  Pylon  
  14  2:07  Pylon  
  14  2:23  Photon Cannon  
  14  2:24  Photon Cannon  
  14  2:34  Photon Cannon  
  14  2:47  Shield Battery  
  14  2:58  Photon Cannon  
  14  3:09  Shield Battery  
  14  3:25  Photon Cannon  
  14  3:37  Photon Cannon  
  14  3:48  Pylon  
  14  3:51  Probe  
  15  3:59  Probe  
  15  4:00  Warp Gate  
  16  4:14  Sentry  
  18  4:34  Photon Cannon  
  18  4:40  Sentry  
  20  4:53  Photon Cannon  
  20  4:57  Probe  
  20  5:05  Probe  
  22  5:30  Stargate  
  22  5:36  Photon Cannon  
  22  6:26  Nexus  
  22  6:30  Assimilator  
  22  6:32  Probe  
  23  6:40  Probe  
  24  6:48  Probe  
  21  7:42  Sentry  
  23  7:46  Void Ray  
  23  7:54  Pylon  
  23  7:56  Pylon  
  23  8:03  Gateway  
  23  8:07  Gateway  
  23  8:12  Sentry  
  25  9:00  Colossus  
  25  9:02  Sentry  
  25  9:03  Sentry  
  25  9:08  Void Ray  
  33  9:20  Probe  
  34  9:28  Probe  
  34  9:37  Probe  
  36  9:51  Void Ray  
  34  10:33  Void Ray  
  38  10:41  Colossus  
  38  10:42  Probe  
  39  10:54  Probe  
  40  11:01  Sentry x3  
  46  11:06  Probe  
  47  11:16  Void Ray  
  47  11:18  Probe  
  40  11:59  Void Ray, Sentry x3  
  50  12:18  Stargate  
  50  12:20  Stargate  
  50  12:22  Stargate  
  50  12:25  Assimilator  
  50  12:32  Sentry  
  52  12:42  Void Ray  
  56  13:25  Void Ray  
  40  14:02  Void Ray x2  
  48  14:07  Void Ray, Sentry  
  48  14:09  Zealot x2  
  58  14:37  Colossus  
  58  14:41  Void Ray  
  58  14:42  Nexus  
  58  14:44  Void Ray  
  58  14:45  Void Ray  
  70  14:46  Assimilator  
  70  14:50  Void Ray  
  70  14:51  Assimilator  
  74  14:58  Pylon  
  74  15:01  Pylon  
  70  15:27  Void Ray  
  52  15:48  Void Ray x2  
  56  15:54  Zealot x3  
  62  16:12  Probe  
  63  16:21  Probe  
  64  16:25  Probe  
  64  16:30  Probe  
  65  16:33  Probe  
  67  16:42  Probe  
  67  16:43  Probe  
  69  16:49  Void Ray  
  73  16:55  Probe  
  73  16:56  Pylon, Zealot x3  
  80  17:06  Pylon  
  80  17:07  Probe, Pylon  
  81  17:15  Pylon  
  81  17:17  Pylon  
  81  17:19  Pylon  
  81  17:23  Pylon  
  81  17:24  Void Ray  
  81  17:25  Void Ray  
  89  17:32  Void Ray  
  80  18:07  Void Ray x2  
  84  18:15  Void Ray  
  80  18:32  Void Ray  
  84  18:38  Zealot x2  
  84  18:39  Zealot  
  90  18:50  Void Ray  
  90  19:19  Probe  
  90  19:24  Pylon  
  91  19:27  Pylon  
  91  19:28  Probe  
  91  19:31  Void Ray x3  
  91  19:37  Probe  
  105  19:49  Probe  
  106  20:01  Probe  
  106  20:05  Twilight Council  
  107  20:16  Probe  
  108  20:21  Assimilator  
  108  20:24  Probe  
  108  20:25  Assimilator  
  108  20:26  Nexus  
  109  20:29  Photon Cannon  
  109  20:31  Photon Cannon  
  109  20:32  Probe, Photon Cannon  
  109  20:37  Photon Cannon  
  109  20:39  Photon Cannon  
  109  20:40  Probe  
  110  20:47  Pylon  
  111  20:50  Probe  
  111  20:51  Pylon  
  111  20:54  Pylon  
  111  20:55  Charge  
  112  21:02  Probe, Templar Archives  
  113  21:24  Pylon  
  113  21:26  Pylon  
  113  21:30  Shield Battery  
  112  21:41  Photon Cannon  
  112  21:42  Photon Cannon  
  112  21:44  Photon Cannon  
  112  21:47  Photon Cannon  
  97  21:48  Photon Cannon  
  97  21:50  Photon Cannon  
  89  23:07  High Templar  
  89  23:08  High Templar x2  
  89  23:12  Void Ray x4  
  111  23:28  Probe  
  111  23:30  Protoss Air Weapons Level 1  
  112  23:36  Probe  
  113  23:45  Probe  
  111  23:54  Void Ray  
  111  23:55  Void Ray  
  119  23:58  Probe  
  73  24:10  Probe  
  49  24:45  Sentry x2  
  49  24:46  Sentry  
  51  25:30  Colossus  
  51  25:31  Protoss Ground Weapons Level 1  
  51  25:43  Protoss Air Armor Level 1  
  51  25:45  Probe  
  52  25:53  Probe  
  52  26:02  Probe  
  53  26:10  Assimilator  
  54  26:13  Assimilator  
  54  26:14  Probe  
  55  26:26  Probe  
  48  27:28  Void Ray x2  
  56  27:39  Protoss Ground Armor Level 1  
  56  28:01  Probe  
  57  28:06  Assimilator  
  57  28:09  Probe  
  57  28:11  Assimilator  
  57  28:13  Nexus  
  57  28:18  Probe, Pylon  
  57  28:19  Pylon  
  58  28:22  Pylon  
  58  28:25  Pylon  
  58  28:26  Pylon  
  40  28:30  Probe  
  12  28:42  Probe  
  12  28:46  Void Ray  
  16  28:50  Zealot  
  16  28:51  Zealot x2  
Show
View Real Time Build Order
Export as new Build Order

MrFercho Zerg - Winner!

Build Orders: Hatch First 

Get SALT Encoding   

  12  0:01  Drone  
  13  0:10  Drone  
  14  0:17  Overlord  
  14  0:35  Drone x2  
  15  0:41  Drone  
  17  0:56  Drone  
  18  0:59  Drone  
  19  1:05  Hatchery  
  19  1:08  Drone  
  19  1:18  Spawning Pool  
  19  1:19  Drone  
  19  1:30  Drone  
  20  1:35  Extractor  
  19  1:40  Overlord  
  19  1:51  Drone  
  20  2:12  Drone  
  21  2:32  Queen  
  23  2:41  Zergling x4  
  23  2:42  Zergling x8  
  23  2:44  Queen  
  32  3:20  Hatchery, Drone x5  
  32  3:23  Overlord  
  35  3:31  Hatchery, Queen  
  36  3:44  Roach Warren  
  36  3:48  Evolution Chamber  
  34  3:50  Drone x4  
  38  4:16  Drone x6  
  44  4:28  Spine Crawler  
  43  4:35  Extractor  
  43  4:37  Extractor  
  41  4:40  Drone  
  41  4:43  Drone  
  41  4:44  Queen  
  41  4:45  Queen  
  47  4:53  Roach x2  
  47  4:54  Roach x2  
  47  4:58  Overlord x3  
  55  5:13  Spine Crawler  
  40  5:45  Drone x4  
  40  5:46  Drone x2  
  46  5:58  Lair  
  46  6:08  Drone x6  
  52  6:27  Drone x2  
  52  6:28  Drone  
  52  6:30  Drone x12  
  67  6:36  Extractor  
  66  6:40  Extractor  
  66  6:41  Extractor  
  66  6:44  Extractor  
  63  7:16  Drone  
  63  7:17  Drone x2  
  66  7:32  Hydralisk Den  
  65  7:38  Drone x9  
  74  7:53  Spine Crawler  
  74  7:54  Spine Crawler  
  72  7:59  Spine Crawler  
  72  8:02  Extractor  
  72  8:03  Lair  
  72  8:05  Grooved Spines  
  70  8:10  Evolution Chamber  
  70  8:11  Zerg Missile Weapons Level 1  
  69  8:20  Evolution Chamber  
  69  8:24  Hydralisk x7  
  80  8:30  Overlord x6  
  64  8:59  Burrow  
  64  9:06  Spore Crawler  
  63  9:17  Spore Crawler, Muscular Augments  
  62  9:25  Spore Crawler  
  62  9:26  Spore Crawler  
  62  9:28  Spore Crawler, Drone x6  
  65  9:48  Zerg Ground Armor Level 1  
  65  9:53  Infestation Pit  
  65  9:56  Overlord x10  
  65  9:57  Overlord  
  64  10:10  Hydralisk  
  64  10:11  Hydralisk x10  
  86  10:30  Pneumatized Carapace  
  86  10:34  Drone x6  
  92  10:41  Zerg Missile Weapons Level 2  
  92  10:47  Drone x5  
  95  11:03  Drone  
  95  11:04  Drone x5  
  96  11:28  Hydralisk x2  
  96  11:29  Hydralisk x9  
  114  11:56  Hive  
  114  11:59  Lair  
  112  12:07  Hydralisk  
  112  12:08  Hydralisk x10  
  134  12:16  Hydralisk x6  
  146  12:36  Overlord x3  
  146  12:49  Zerg Ground Armor Level 2  
  146  12:50  Nydus Network  
  145  13:33  Overlord x2  
  145  13:34  Overlord x3  
  143  14:02  Drone  
  144  14:03  Drone x11  
  144  14:09  Extractor  
  154  14:37  Hatchery  
  121  14:56  Hydralisk x11  
  107  15:10  Queen  
  85  15:37  Hydralisk x8  
  101  16:06  Hydralisk x19  
  139  16:26  Hydralisk x13  
  165  16:41  Hydralisk x2  
  169  16:54  Hydralisk x7  
  175  17:20  Hydralisk x2  
  175  17:21  Hydralisk x6  
  175  17:22  Hydralisk  
  161  18:10  Hydralisk x8  
  161  18:11  Hydralisk x3  
  127  18:20  Overseer  
  105  18:30  Hydralisk x3  
  109  19:00  Zerg Ground Armor Level 3, Zerg Missile Weapons Level 3  
  109  19:14  Hydralisk  
  109  19:15  Hydralisk x4  
  119  19:31  Queen  
  119  20:17  Hatchery  
  118  20:25  Extractor  
  118  20:26  Drone x16  
  118  20:27  Hatchery, Drone x6  
  138  20:31  Extractor  
  138  20:32  Extractor x2  
  135  20:44  Drone x3  
  135  20:45  Drone  
  135  20:46  Drone x2  
  141  21:21  Nydus Canal  
  141  21:43  Hydralisk x19  
  141  21:44  Hydralisk x7  
  151  22:21  Hydralisk x19  
  189  22:47  Extractor  
  189  22:49  Spore Crawler x2  
  186  22:59  Drone x2  
  186  23:00  Drone  
  189  23:08  Hydralisk x4  
  189  23:09  Hydralisk  
  199  23:37  Overseer  
  199  23:41  Overseer  
  193  23:49  Hydralisk x7  
  163  24:11  Hydralisk x15  
  163  24:12  Hydralisk x4  
  175  25:13  Hydralisk x11  
  175  25:14  Hydralisk x7  
  197  25:25  Hydralisk  
  197  25:26  Drone x7  
  181  25:42  Overseer  
  177  26:19  Hydralisk x8  
  177  26:20  Hydralisk x3  
  177  26:25  Hydralisk x2  
  199  26:26  Hydralisk x2  
  199  26:27  Hydralisk x2  
  199  26:28  Hydralisk x3  
  199  26:29  Hydralisk  
  199  26:31  Hydralisk  
  153  26:55  Hydralisk x10  
  173  27:26  Hydralisk x13  
  199  27:34  Spire  
  198  28:04  Hatchery  
  197  28:06  Extractor  
  197  28:11  Extractor  
  187  28:47  Overlord, Spine Crawler  
  187  28:48  Overlord  
  186  28:49  Hydralisk  
  186  28:50  Spine Crawler, Hydralisk x6  
  157  29:30  Overseer  
Show
View Real Time Build Order
Export as new Build Order

tigro Terran - Winner!

Build Orders:  

Get SALT Encoding   

  12  0:03  SCV  
  13  0:15  SCV  
  14  0:27  SCV, Supply Depot  
  15  0:36  Refinery  
  15  0:48  SCV  
  16  0:51  Refinery  
  16  0:58  Barracks  
  16  1:01  SCV  
  17  1:13  SCV  
  18  1:25  SCV  
  19  1:35  Supply Depot  
  19  1:37  SCV  
  20  1:47  Marine  
  20  1:49  SCV  
  22  2:01  SCV  
  22  2:04  Marine  
  22  2:05  Barracks  
  24  2:13  SCV  
  25  2:19  Engineering Bay  
  25  2:22  Marine  
  25  2:25  SCV  
  27  2:40  Marine  
  27  2:58  Marine  
  25  3:00  Barracks Reactor  
  26  3:14  Factory  
  26  3:16  Marine  
  27  3:26  Orbital Command  
  27  3:34  Marine  
  28  3:39  Marine x2  
  30  3:51  Marine  
  31  3:57  Supply Depot  
  31  4:16  Marine x3  
  34  4:34  Marine x3  
  37  4:43  Factory  
  37  4:52  Marine x3  
  40  4:56  Factory Reactor  
  40  5:10  Marine x3  
  43  5:28  Marine x3  
  27  5:46  Marine x3  
  27  5:47  Factory Tech Lab  
  30  5:56  Starport  
  30  6:03  Marine x3  
  33  6:09  Supply Depot  
  33  6:32  Supply Depot  
  33  6:47  Supply Depot  
  33  6:54  Marine x3  
  26  6:55  Supply Depot, Siege Tank  
  30  7:02  Terran Infantry Weapons Level 1  
  30  7:08  Medivac  
  30  7:12  Marine x2  
  33  7:27  Siege Tank  
  33  7:29  Marine x2  
  36  7:38  Medivac  
  35  7:47  Marine x2  
  33  7:58  Armory  
  33  7:59  Siege Tank  
  33  8:05  Marine x2  
  29  8:23  Marine x2  
  31  8:29  Starport Tech Lab  
  31  8:31  Siege Tank  
  34  8:41  Marine x2  
  36  8:45  Barracks  
  36  8:56  Terran Infantry Armor Level 1  
  36  8:58  Marine x2  
  34  9:03  Siege Tank  
  37  9:16  Marine x2  
  31  9:34  Marine x2  
  31  9:37  Missile Turret  
  33  9:52  Marine x2  
  30  10:10  Marine x2  
  32  10:15  Barracks Tech Lab  
  32  10:19  Viking  
  34  10:27  Marine  
  34  10:28  Marine  
  36  10:43  Thor  
  36  10:45  Marine x2  
  36  10:49  Banshee  
  44  10:50  Neosteel Armor  
  39  11:03  Marine x2  
  38  11:21  Marine x2  
  38  11:32  Viking  
  40  11:39  Marine  
  35  12:00  Combat Shield  
  35  12:01  Banshee  
  35  12:04  Marine x2  
  40  12:21  Marine  
  40  12:22  Marine  
  42  12:30  Hi-Sec Auto Tracking  
  42  12:39  Marine x2  
  44  12:44  Viking  
  46  12:57  Marine  
  46  13:19  Stimpack  
  46  13:27  Marine x2  
  46  13:31  Marine  
  41  13:45  Marine x2  
  39  13:48  Marine  
  29  14:03  Marine x2, Terran Infantry Weapons Level 2  
  29  14:06  Marine  
  32  14:21  Marine x2  
  34  14:24  Marine  
  35  14:33  Medivac  
  35  14:35  Command Center  
  37  14:41  Terran Vehicle Weapons Level 1  
  37  14:42  Marine  
  38  14:59  Concussive Shells  
  25  15:03  Medivac  
  25  15:05  Marine x2  
  29  15:23  Marine x2  
  31  15:40  Marine x2  
  33  15:59  Refinery  
  33  16:04  Refinery  
  33  16:18  Marine x2  
  35  16:19  Terran Infantry Armor Level 2  
  35  16:21  Marine  
  36  16:35  Terran Vehicle And Ship Armor Level 1, Marine  
  36  16:36  Marine  
  36  16:39  Marine  
  39  16:42  Fusion Core  
  39  16:53  Marine x2  
  41  16:57  Marine  
  42  17:11  Marine x2  
  42  17:15  Marine  
  43  17:29  Marine x2  
  45  17:32  Marine  
  46  17:47  Marine x2  
  46  17:50  Marine  
  49  17:57  Medivac  
  51  18:05  Marine x2  
  53  18:08  Marine  
  54  18:22  Marine x2  
  54  18:26  Marine  
  57  18:27  Medivac  
  57  18:30  Terran Ship Weapons Level 1  
  59  18:35  Terran Infantry Weapons Level 3  
  59  18:40  Marine x2  
  49  18:44  Marine  
  49  18:57  Battlecruiser  
  49  19:02  Marine  
  37  19:39  Marine  
  37  19:42  Marine x2  
  40  19:49  Weapon Refit  
  40  19:57  Marine  
  41  20:00  Marine x2  
  43  20:15  Marine  
  43  20:18  Marine x2  
  46  20:33  Marine  
  47  20:36  Marine x2  
  49  20:50  Marine  
  50  20:57  Siege Tank  
  53  21:04  Terran Vehicle Weapons Level 2  
  53  21:12  Terran Infantry Armor Level 3  
  53  21:29  Marine x3  
  56  21:47  Marine x3  
  59  22:04  Marine  
  59  22:05  Marine x2  
  62  22:22  Marine x2  
  62  22:23  Marine  
  65  22:40  Marine  
  32  23:26  Command Center  
  32  23:30  Refinery  
  32  23:37  Marauder  
  32  23:39  Refinery  
  32  23:40  Marine  
  35  23:59  Marauder  
  37  24:20  Marauder  
  37  24:23  Medivac  
  41  24:36  Marine x2  
  43  24:41  Marauder  
  45  24:54  Marine x2  
  45  24:59  Raven  
  36  25:02  Marine  
  37  25:11  Marine  
  37  25:12  Marine  
  39  25:21  Marauder  
  41  25:29  Marine x2  
  43  25:42  Medivac, Marauder  
  47  25:47  Marine x2  
  49  26:03  Marauder  
  51  26:05  Marine x2  
  46  26:23  Marine x2  
  46  26:24  Marine  
  37  26:42  Marine  
  26  27:26  Banshee  
  29  28:09  Banshee  
  32  28:33  Cloaking Field  
  32  28:46  Command Center  
  32  28:52  Banshee  
  30  29:31  Marauder  
  30  29:32  Marine  
  30  29:33  Marine  
Tags
 
Add a new tag
Caveats
  • Supply blocks, unpowered buildings, or Contaminate may cause inaccurate times.
  • Supply counts are checked every 10 seconds.